 Dungeon Crawl Stone Soup version 0.29-a0-1065-g47a6bb87d6 (webtiles) character file.

Game seed: 4117311917522929736

95 Zeldest the Shooter (level 4, -1/35 HPs)
             Began as a Barachi Hunter on Aug 19, 2022.
             Splashed by a jelly's acid (12 damage)
             ... on level 4 of the Dungeon.
             The game lasted 00:04:57 (2818 turns).

Zeldest the Shooter (Barachi Hunter)                Turns: 2818, Time: 00:04:58

Health: -1/35      AC:  3    Str: 12    XL:     4   Next: 66%
Magic:  4/4        EV: 13    Int:  9    God:
Gold:   260        SH:  0    Dex: 18    Spells: 3/3 levels left

rFire   . . .      SeeInvis .   a - +0 shortbow
rCold   . . .      Faith    .   (shield currently unavailable)
rNeg    + . .      Spirit   .   m - +3 leather armour
rPois   .          Reflect  .   (no helmet)
rElec   .          Harm     .   (no cloak)
rCorr   .          Rampage  .   (no gloves)
Will    .....                   c - +0 pair of boots
Stlth   ++........              (no amulet)
HPRegen 0.11/turn               n - ring of positive energy
MPRegen 0.09/turn               (no ring)

@: about to teleport, corroded, slow
A: amphibious, slowness 1, strong legs 1, +LOS
a: Hop


You were on level 4 of the Dungeon.
You visited 1 branch of the dungeon, and saw 4 of its levels.

You collected 260 gold pieces.

Inventory:

Hand Weapons
 a - a +0 shortbow (weapon)
Armour
 c - a +0 pair of boots (worn)
 d - a +0 leather armour of poison resistance
 m - a +3 leather armour (worn)
Jewellery
 n - a ring of positive energy (left hand)
Scrolls
 b - a scroll of immolation
 f - 2 scrolls of amnesia {unknown}
 h - a scroll of enchant weapon {unknown}
Potions
 i - 3 potions of brilliance
 l - a potion of attraction {unknown}
 o - a potion of might {unknown}


   Skills:
 + Level 3.4 Fighting
 * Level 4.7 Ranged Weapons
 + Level 3.2 Dodging
 - Level 1.7 Stealth


You had 3 spell levels left.
You didn't know any spells.
Your spell library contained the following spells:

 Spells                   Type           Power      Damage    Failure   Level
 Sandblast                Erth           0%         2d4       45%         1
 Shock                    Conj/Air       0%         1d3       45%         1
 Slow                     Hex            0%         N/A       45%         1
 Passwall                 Tmut/Erth      0%         N/A       61%         2
 Poisonous Vapours        Pois/Air       0%         N/A       61%         2
 Confusing Touch          Hex            0%         N/A       83%         3
 Stone Arrow              Conj/Erth      0%         3d7       83%         3
 Swiftness                Air            0%         N/A       83%         3
 Vampiric Draining        Necr           0%         2d6       83%         3
 Airstrike                Air            0%         2d(0-16)  99%         4
 Corpse Rot               Necr/Pois/Air  0%         N/A       99%         4


Dungeon Overview and Level Annotations

Branches:
Dungeon (4/15)
 Temple: D:4-7

Altars:
Ru
Uskayaw
Xom


Innate Abilities, Weirdness & Mutations

You are amphibious.
You cover ground slowly.
You can hop short distances.
You have an extended range of vision and can be seen from far away.


Message History

As you read the scroll of teleportation, it crumbles to dust.
You feel strangely unstable.
You hear a shout!
The ufetubus hits you.
* * * LOW HITPOINT WARNING * * *
The ufetubus closely misses you.
The phantom hits you but does no damage.
The jelly barely misses you. The hobgoblin barely misses you.
The ufetubus barely misses you.
The ufetubus hits you but does no damage.
You feel better.
The endoplasm splashes around in the water.
The phantom hits you.
* * * LOW HITPOINT WARNING * * *
The jelly hits you but does no damage.
The ufetubus hits you but does no damage.
The ufetubus hits you.
* * * LOW HITPOINT WARNING * * *
The hobgoblin hits you.
* * * LOW HITPOINT WARNING * * *
You feel better. The ufetubus closely misses you.
The ufetubus barely misses you.
The endoplasm hits you but does no damage.
The phantom hits you.
The phantom blinks!
You blink.
Floosh!
The jelly hits you but does no damage.
Fire: a) +0 shortbow
Press: ? - help, Q - select action, (/) - cycle Shift-Dir - straight line, f - jelly, p - phantom
Aim: a jelly (almost dead, 90% to hit)
You shoot an arrow.
The arrow hits the jelly but does no damage.
The jelly is almost dead.
The endoplasm hits you but does no damage.
The phantom barely misses you. The jelly completely misses you.
The kobold is engulfed in noxious fumes.
The kobold appears confused.
The endoplasm freezes you.
You are frozen.
The phantom closely misses you. The jelly hits you. The acid corrodes you!
You are splashed with acid!
You die...

.# ##########. ## ..
........... ###.######.#
###########
.)..≈≈≈≈≈.###### #
#§≈.~.≈≈.?...# #
##≈§§K~.≈.###.#########
##.≈§§§5g§.# #....§.....
#..≈§~§JJ§§###.#########
....§§~~@§§§....#
##..#≈≈W≈§.####.#
.......§##.# #.#
#####... .# #.# #### ##
#.. ###


You could see a phantom, a jelly, an ufetubus, an endoplasm, a hobgoblin and a
kobold (confused).

Vanquished Creatures
  2 adders (D:3)
  A worm (D:3)
  4 dart slugs
  5 orcs
  3 endoplasms
  4 giant cockroaches
  2 goblins
  5 hobgoblins
  11 jackals
  5 kobolds
  A quokka (D:3)
  3 ball pythons (D:1)
  A bat (D:3)
  3 frilled lizards
  4 rats
54 creatures vanquished.

Vanquished Creatures (others)
  An ufetubus (D:4)
  A dart slug (D:4)
  A kobold (D:4)
  3 fungi (D:1)
  4 toadstools (D:1)
10 creatures vanquished.

Grand Total: 64 creatures vanquished

Notes
Turn   | Place    | Note
-------+----------+-------------------------------------------
     0 | D:1      | Zeldest the Barachi Hunter began the quest for the Orb.
     0 | D:1      | Reached XP level 1. HP: 17/17 MP: 1/1
    23 | D:1      | Reached skill level 1 in Stealth
   168 | D:1      | Reached XP level 2. HP: 23/23 MP: 2/2
   615 | D:1      | Reached XP level 3. HP: 19/28 MP: 3/3
  1498 | D:2      | Found a faded altar of an unknown god.
  1676 | D:3      | Found a hide-covered altar of Uskayaw.
  1686 | D:3      | Found a sacrificial altar of Ru.
  1869 | D:3      | Reached XP level 4. HP: 13/35 MP: 4/4
  2795 | D:4      | Found a shimmering altar of Xom.
  2798 | D:4      | Noticed a phantom
  2818 | D:4      | Splashed by a jelly's acid

Illustrated notes

Levels and vault maps discovered:
D:1:      amcnicky_arrival_double_pillar, layout_basic, corexii_corridor_pit,
          minmay_gold_behind_fungi, minmay_unequal
D:2:      layout_loops_ring, chequers_ecumenical_altar_simple_redux
D:3:      layout_basic, mainiacjoe_overflow_brackets,
          mainiacjoe_overflow_alcove_2, dreamdust_princess_corridor
D:4:      layout_loops_ring, xom_confusion_cloud, lemuel_coloured_pillars_altar,
          mainiacjoe_overflow_big_doors, dk_noncrumbling_3, uniq_sigmund

Skill      XL: |  1  2  3 |
---------------+----------+-----
Stealth        | 1 |  1.7
Fighting       | 3 |  3.4
Dodging        | 3 |  3.2
Ranged Weapons | |  4.7

Action                   |  1- 3 |  4- 6 || total
-------------------------+-------+-------++-------
 Fire: Shortbow          |   122 |    56 ||   178
 Abil: Hop               |     2 |       ||     2
  Use: Scroll            |     5 |     3 ||     8
       Potion            |       |     2 ||     2
Armor: Leather armour    |    34 |    12 ||    46
Dodge: Dodged            |    62 |    20 ||    82

Table legend: (Time is in decaauts)
 A = Elapsed time spent in this place.
 B = Non-inter-level travel time spent in this place.
 C = Inter-level travel time spent in this place.
 D = Time resting spent in this place.
 E = Time spent auto-exploring this place.
 F = Levels seen in this place.
 G = Mean time per level.
                   A        B        C        D        E       F      G
               +--------+--------+--------+--------+--------+-----+--------+
         Total |   3229 |   3125 |    104 |    763 |   1849 |   4 |  807.2 |
       Dungeon |   3229 |   3125 |    104 |    763 |   1849 |   4 |  807.2 |
               +--------+--------+--------+--------+--------+-----+--------+

Top non-repeatable levels by time:
     D:1: 1479 daAuts
     D:3: 1188 daAuts
     D:2: 442 daAuts
     D:4: 119 daAuts
